[Event "Team 45 45 League T54"]
[Site "Internet Chess Club"]
[Date "2012.09.01"]
[Round "3"]
[White "smsxman"]
[Black "JohLeb"]
[Result "1-0"]
[WhiteElo "1509"]
[BlackElo "1373"]
[Opening "Sicilian defense"]
[ECO "B30"]
[Time "20:57:45"]
[TimeControl "2700+45"]

1. e4 c5 2. Nf3 Nc6 3. Nc3 d6 4. Bb5 Bd7 5. O-O a6 6. Bxc6 Bxc6 7. Re1 e6 8. d4
cxd4 9. Nxd4 e5 10. Nxc6 bxc6 11. f4 Be7 12. b3 Nf6 13. h3 O-O 14. f5 Qc7 15.
Be3 Rfd8 16. Na4 Rab8 17. Qe2 Nxe4 18. Qxa6 Nc5 19. Nxc5 dxc5 20. Qe2 Qd7 21.
Qf2 Qa7 22. a3 Bf6 23. Bxc5 Qc7 24. Rab1 Qa5 25. Bb4 Qb5 26. Bc5 Rd7 27. a4 Qa5
28. Be3 e4 29. Ba7 Re8 30. Bb6 Qc3 31. Kh1 Rd2 32. Qc5 Qg3 33. Qg1 Rxc2 34. Rec1
Rxc1 35. Qxc1 Be5 36. Bg1 Rc8 37. Qe3 Qxe3 38. Bxe3 f6 39. g4 Kf7 40. b4 g6 41.
Bc5 Rd8 42. Re1 Rd3 43. Kg2 Rg3+ 44. Kf2 Rxh3 45. Rxe4 gxf5 46. gxf5 h5 47. a5
Ra3 48. Kg2 Kg7 49. Rh4 Ra2+ 50. Kf1 Ra1+ 51. Ke2 Ra2+ 52. Kd3 Ra3+ 53. Ke4 Rc3
54. Rxh5 Rc4+ 55. Kd3 Rc3+ 56. Ke2 Rc2+ 57. Kd1 Ra2 58. Rh4 Kf7 59. Rh7+ Ke8 60.
Rb7 Ra1+ 61. Kc2 Ra2+ 62. Kd3 Ra3+ 63. Ke2 Ra2+ 64. Kf3 Ra3+ 65. Kg4 Rg3+ 66.
Kh4 Ra3 67. Rb6 Kd7 68. a6 Kc7 69. Rb7+ Kc8 70. b5 cxb5 71. Bxa3 {Black resigns}
1-0

[Event "Team 45 45 League T54"]
[Site "Internet Chess Club"]
[Date "2012.09.02"]
[Round "3"]
[White "theartist"]
[Black "Just-Jim"]
[Result "0-1"]
[WhiteElo "1167"]
[BlackElo "1385"]
[Opening "QGD Slav: 4.e3 Bf5"]
[ECO "D12"]
[Time "13:02:13"]
[TimeControl "2700+45"]

1. d4 d5 2. c4 c6 3. e3 Nf6 4. Nf3 Bf5 5. Nc3 e6 6. Bd3 Bg4 7. h3 Bh5 8. O-O
Nbd7 9. e4 dxc4 10. Bxc4 Nb6 11. Bd3 Bb4 12. a3 Bxc3 13. bxc3 Bg6 14. Ne5 Bxe4
15. Bg5 Bxd3 16. Qxd3 Nbd5 17. Qf3 Qc7 18. Nc4 O-O-O 19. Bd2 h6 20. Nb6+ Qxb6
21. Rab1 Qc7 22. c4 Nb6 23. Qf4 Qxf4 24. Bxf4 Nxc4 25. Rxb7 Kxb7 26. Rb1+ Nb6
{White resigns} 0-1

[Event "Team 45 45 League T54"]
[Site "Internet Chess Club"]
[Date "2012.09.02"]
[Round "3"]
[White "clarinetref"]
[Black "bmw2002"]
[Result "1-0"]
[WhiteElo "1660"]
[BlackElo "1591"]
[Opening "Caro-Kann: exchange, Rubinstein variation"]
[ECO "B13"]
[Time "22:09:42"]
[TimeControl "2700+45"]

1. e4 c6 2. d4 d5 3. exd5 cxd5 4. Bd3 Nc6 5. c3 Nf6 6. Bf4 g6 7. h3 Bg7 8. Ne2
O-O 9. Nd2 Nd7 10. Nf3 e5 11. dxe5 Ndxe5 12. Nxe5 Nxe5 13. Bb5 Bf5 14. Nd4 Be4
15. f3 Qh4+ 16. g3 Qe7 17. fxe4 dxe4 18. Qe2 a6 19. Bc4 Rad8 20. O-O-O Rfe8 21.
Bxe5 Qxe5 22. Rhf1 Rd7 23. Qg4 Qc7 24. Kb1 Rxd4 25. Bxf7+ Kh8 26. Bxe8 Ra4 27.
Bxa4 {Black resigns} 1-0

[Event "Team 45 45 League T54"]
[Site "Internet Chess Club"]
[Date "2012.08.31"]
[Round "3"]
[White "Mitochondria"]
[Black "PostMike"]
[Result "0-1"]
[WhiteElo "1481"]
[BlackElo "1491"]
[Opening "QGA: Alekhine defense"]
[ECO "D22"]
[Time "14:30:42"]
[TimeControl "2700+45"]

1. d4 d5 2. c4 dxc4 3. Nf3 a6 4. e3 Nf6 5. Bxc4 b5 6. Bb3 Bb7 7. O-O e6 8. Nbd2
c5 9. a4 c4 10. Bc2 Bb4 11. Nb1 O-O 12. Bd2 Bd6 13. Nc3 b4 14. Ne2 Bxf3 15. gxf3
Qc7 16. Ng3 Nbd7 17. e4 e5 18. d5 b3 19. Bb1 a5 20. Kh1 Bb4 21. Bg5 Bc5 22. Qe2
Bd4 23. Bd2 Rfc8 24. Bc3 Nb6 25. Rg1 Qc5 26. Bxd4 exd4 27. Nf5 g6 28. Nh6+ Kf8
29. e5 Ng8 30. Nxg8 Kxg8 31. d6 d3 32. Bxd3 cxd3 33. Qxd3 Qd5 34. Qe3 Nd7 35.
Rad1 Qe6 36. f4 Rab8 37. Qf3 f5 38. Rg2 Rc5 39. Rdg1 Qd5 40. Qh5 Nf8 41. Rd1 Qe6
42. Qe2 Rbc8 43. Rgg1 Nd7 44. h4 Rd5 45. Rc1 Rxc1 46. Rxc1 Rc5 47. Rg1 Qd5+ 48.
Kh2 Kf7 49. h5 Rc2 50. hxg6+ hxg6 51. Qf1 Qf3 52. Rg2 Qh5+ 53. Kg1 Qe2 54. f3
Qxf1+ 55. Kxf1 Rxg2 56. Kxg2 Ke6 57. Kg3 Kd5 58. Kh4 Ke6 59. Kg5 Nf8 60. Kh6 Kf7
61. Kg5 Kg7 62. Kh4 Ne6 63. Kg3 Kh6 64. Kf2 Nxf4 65. Ke3 Ne6 66. Kd3 Kg5 67. Kc4
Kf4 68. Kb5 Kxe5 69. Kxa5 Kxd6 70. Kb6 Nc7 71. Ka5 Kc5 72. f4 Nd5 73. Ka6 Kc6
74. Ka5 Nxf4 75. Kb4 Nd5+ 76. Kxb3 f4 77. Kc2 g5 78. Kd3 f3 79. a5 g4 80. a6
Nb4+ {White resigns} 0-1

[Event "Team 45 45 League T54"]
[Site "Internet Chess Club"]
[Date "2012.09.03"]
[Round "3"]
[White "jjaillet2007"]
[Black "Zyme"]
[Result "0-1"]
[WhiteElo "1303"]
[BlackElo "1292"]
[Opening "King's Indian defense, 3.Nc3"]
[ECO "E61"]
[Time "21:00:12"]
[TimeControl "2700+45"]

1. d4 Nf6 2. c4 g6 3. Nc3 Bg7 4. Bf4 O-O 5. e3 d6 6. Bd3 Nc6 7. Nf3 Bd7 8. Rc1
Re8 9. O-O Nh5 10. Bg3 Nxg3 11. fxg3 Bg4 12. h3 Bd7 13. a3 Bh6 14. Re1 e5 15.
dxe5 Nxe5 16. Nxe5 Rxe5 17. Qf3 Bc6 18. Be4 Bxe4 19. Nxe4 Bg7 20. Nc3 c6 21. b4
Qb6 22. Ne4 Re6 23. c5 dxc5 24. Rxc5 Rae8 25. Ng5 R6e7 26. h4 h6 27. Nh3 Bb2 28.
e4 Bd4+ 29. Kh2 Bxc5 30. bxc5 Qxc5 31. Nf4 Qd4 32. Qd3 Qxd3 33. Nxd3 Rxe4 34.
Rxe4 Rxe4 35. Nc5 Re3 36. Nxb7 Rxa3 37. Nc5 Kf8 38. g4 Ke7 39. g5 h5 40. g3 Kd6
41. Ne4+ Ke5 42. Nf6 Rf3 43. Nd7+ Kd6 44. Nf8 c5 45. Kg2 Rb3 46. Nh7 c4 47. Nf6
Ke5 48. Nd7+ Kd4 49. g4 hxg4 50. Nf6 c3 51. Nxg4 c2 52. Ne3 Rxe3 53. h5 gxh5 54.
g6 fxg6 55. Kf2 c1=Q 56. Kg2 Qd2+ 57. Kf1 Re1# {White checkmated} 0-1

[Event "Team 45 45 League T54"]
[Site "Internet Chess Club"]
[Date "2012.08.31"]
[Round "3"]
[White "AlPearson"]
[Black "Aquaman"]
[Result "0-1"]
[WhiteElo "1248"]
[BlackElo "1304"]
[Opening "Kevitz-Trajkovich defense"]
[ECO "A50"]
[Time "15:01:13"]
[TimeControl "2700+45"]

1. d4 Nf6 2. c4 Nc6 3. Nc3 e5 4. d5 Ne7 5. Nf3 d6 6. e4 Ng6 7. Be2 Be7 8. O-O
O-O 9. a3 b6 10. b4 Nh5 11. Ne1 Nhf4 12. Be3 Nxe2+ 13. Nxe2 f5 14. f3 f4 15. Bf2
Nh8 16. Nd3 Rf6 17. c5 bxc5 18. bxc5 Rg6 19. cxd6 cxd6 20. Kh1 Bh4 21. Qe1 Bxf2
22. Qxf2 Nf7 23. Rab1 Ba6 24. Nb4 Bb5 25. Rfc1 a6 26. Nc6 Qf6 27. Rc3 Nd8 28.
Nxd8 Rxd8 29. Rbc1 Bd7 30. Rc7 h5 31. Ra7 h4 32. Rcc7 Bb5 33. Nc1 h3 34. Nb3
Rxg2 35. Qf1 Bxf1 {White resigns} 0-1

[Event "Team 45 45 League T54"]
[Site "Internet Chess Club"]
[Date "2012.08.29"]
[Round "3"]
[White "pishd"]
[Black "j65536d"]
[Result "0-1"]
[WhiteElo "1689"]
[BlackElo "1855"]
[Opening "King's Indian: London system"]
[ECO "A48"]
[Time "13:04:04"]
[TimeControl "2700+45"]

1. d4 Nf6 2. Nf3 g6 3. Bf4 Bg7 4. e3 O-O 5. h3 c5 6. c3 d5 7. Be2 Nc6 8. Nbd2 b6
9. Ne5 Bb7 10. O-O e6 11. b4 cxb4 12. Nxc6 Bxc6 13. cxb4 Qd7 14. a4 a6 15. a5
bxa5 16. Rxa5 Bb5 17. Nb3 Rfc8 18. Nc5 Qc6 19. Qc2 Nd7 20. Bxb5 axb5 21. Rfa1
Nb6 22. Qa2 Bf8 23. Qe2 Nc4 24. f3 Nxa5 {White resigns} 0-1

[Event "Team 45 45 League T54"]
[Site "Internet Chess Club"]
[Date "2012.09.04"]
[Round "3"]
[White "ChessicalZ"]
[Black "bgolev"]
[Result "1-0"]
[WhiteElo "1906"]
[BlackElo "1823"]
[Opening "Robatsch defense"]
[ECO "B06"]
[Time "17:05:21"]
[TimeControl "2700+45"]

1. e4 g6 2. d4 Bg7 3. Nc3 c5 4. Be3 cxd4 5. Bxd4 Kf8 6. Bxg7+ Kxg7 7. Qd4+ f6 8.
e5 Nc6 9. exf6+ Nxf6 10. Qd2 d6 11. O-O-O Be6 12. Nf3 Rf8 13. Bb5 Qc7 14. Rhe1
Bg8 15. Ng5 h6 16. Ne6+ Bxe6 17. Rxe6 Nd8 18. Re3 Nf7 19. Rde1 e5 20. Nd5 Nxd5
21. Qxd5 Rac8 22. Bd3 Ng5 23. R1e2 Rf6 24. h4 Ne6 25. g3 Nd4 26. Rd2 Qc6 27. Be4
Qxd5 28. Bxd5 Rc7 29. Red3 Nc6 30. Rc3 Kf8 31. b4 Rd7 32. Bxc6 bxc6 33. Rxc6 Ke7
34. c4 Rf3 35. a4 Ra3 36. a5 Ra4 37. Rb2 Rb7 38. Ra6 Rc7 39. Kd2 Rxc4 40. Rxa7+
Ke6 41. b5 Ra1 42. b6 Rcc1 43. b7 Rd1+ 44. Kc3 e4 45. b8=Q Rd3+ 46. Kb4 Rd4+ 47.
Kb5 Rd5+ 48. Kb6 {Black resigns} 1-0

[Event "Team 45 45 League T54"]
[Site "Internet Chess Club"]
[Date "2012.09.05"]
[Round "3"]
[White "timothysmall56"]
[Black "BraafPaard"]
[Result "1-0"]
[WhiteElo "1697"]
[BlackElo "1527"]
[Opening "Petrov: Damiano variation"]
[ECO "C42"]
[Time "19:00:22"]
[TimeControl "2700+45"]

1. e4 e5 2. Nf3 Nf6 3. Nxe5 Nxe4 4. Qf3 Nf6 5. Qe3 Be7 6. Bc4 d5 7. Bb3 O-O 8.
O-O Re8 9. d4 Bd6 10. Qc3 Ne4 11. Qf3 Bxe5 12. dxe5 Rxe5 13. Nd2 c6 14. Nxe4
Rxe4 15. h3 Qe8 16. Bd2 Na6 17. Rfe1 Nc5 18. Rxe4 Nxe4 19. Re1 Be6 20. Be3 Qd7
21. Rd1 b5 22. c4 bxc4 23. Bxc4 Qb7 24. Bb3 a5 25. Bd4 c5 26. Bc3 Nxc3 27. bxc3
Rd8 28. c4 f6 29. cxd5 Bf7 30. Bc4 Qb4 31. Qd3 Rd6 32. Rb1 Qa4 33. Rb8+ Be8 34.
Bb5 {Black resigns} 1-0

[Event "Team 45 45 League T54"]
[Site "Internet Chess Club"]
[Date "2012.09.02"]
[Round "3"]
[White "MII231487"]
[Black "H2-0"]
[Result "1-0"]
[WhiteElo "1931"]
[BlackElo "1789"]
[Opening "Polish (Sokolsky) opening"]
[ECO "A00"]
[Time "15:00:36"]
[TimeControl "2700+45"]

1. b4 b6 2. Bb2 Bb7 3. Nf3 e6 4. a3 Nf6 5. e3 Be7 6. c4 c5 7. bxc5 bxc5 8. Be2
d6 9. Nc3 Nbd7 10. O-O O-O 11. d4 cxd4 12. exd4 Rb8 13. Qc2 Bxf3 14. Bxf3 Qb6
15. Rab1 Qb3 16. Qxb3 Rxb3 17. Bd1 Rb7 18. Na4 Rfb8 19. Bc2 Nb6 20. Nxb6 Rxb6
21. Bc3 Nd7 22. Ba5 Rxb1 23. Rxb1 Rxb1+ 24. Bxb1 Bf6 25. Bc3 Nb6 26. Ba2 Kf8 27.
Bb3 Ke7 28. Kf1 Nd7 29. f4 e5 30. fxe5 dxe5 31. Bb4+ Kd8 32. d5 Be7 33. d6 Bg5
34. c5 f5 35. c6 Nb6 36. Be6 Be3 37. a4 Na8 38. Bxf5 g6 39. Be6 Bb6 40. a5 Bd4
41. Ke2 h6 42. Kd3 g5 43. Ke4 Nc7 44. dxc7+ Kxc7 45. Bd5 h5 46. Kf5 Be3 47. Be7
g4 48. Kg6 Bg1 49. h3 gxh3 50. gxh3 Be3 51. Kxh5 Bd2 52. a6 Kb6 53. Bd8+ Kxa6
54. c7 e4 55. c8=Q+ Kb5 56. Qc4# {Black checkmated} 1-0

[Event "Team 45 45 League T54"]
[Site "Internet Chess Club"]
[Date "2012.09.03"]
[Round "3"]
[White "Helaman"]
[Black "kllrchris"]
[Result "1-0"]
[WhiteElo "1660"]
[BlackElo "1673"]
[Opening "French: Tarrasch, closed variation, main line"]
[ECO "C06"]
[Time "21:00:39"]
[TimeControl "2700+45"]

1. e4 e6 2. d4 d5 3. Nd2 Nf6 4. e5 Nfd7 5. Bd3 c5 6. c3 Nc6 7. Ne2 cxd4 8. cxd4
f6 9. exf6 Nxf6 10. Nf3 Bd6 11. O-O Qc7 12. Bg5 O-O 13. Rc1 Nh5 14. Ng3 Qf7 15.
Bb1 h6 16. Be3 Nf6 17. Ne2 Ng4 18. h3 Nf6 19. Bf4 Bxf4 20. Nxf4 Ne4 21. Nd3 Qh5
22. Nde5 Ne7 23. Re1 Qf5 24. Rc7 Ng6 25. Nxg6 Qxg6 26. Ne5 Qf5 27. f3 Qf4 28.
fxe4 Qf2+ 29. Kh2 Qxb2 30. Qg4 g5 31. Qh5 Rf6 32. Qe8+ Rf8 33. Qg6+ {Black
resigns} 1-0

[Event "Team 45 45 League T54"]
[Site "Internet Chess Club"]
[Date "2012.09.02"]
[Round "3"]
[White "carokantor"]
[Black "LucaTrapani"]
[Result "1/2-1/2"]
[WhiteElo "2081"]
[BlackElo "1791"]
[Opening "French defense, Steiner variation"]
[ECO "C00"]
[Time "09:19:59"]
[TimeControl "2700+45"]

1. e4 e6 2. c4 d5 3. exd5 exd5 4. d4 Bb4+ 5. Nc3 Qe7+ 6. Be3 Nf6 7. Bd3 O-O 8.
Nf3 Ng4 9. cxd5 Nxe3 10. fxe3 Qxe3+ 11. Kf1 Bg4 12. a3 Bd6 13. Qe2 Re8 14. Re1
Bf4 15. Nd1 Qxe2+ 16. Rxe2 Nd7 17. Kf2 Nf6 18. Nc3 Rxe2+ 19. Bxe2 Re8 20. Rd1
Be3+ 21. Kf1 a6 22. h3 Bf5 23. Bd3 Bg6 24. Bxg6 hxg6 25. b4 Rd8 26. Ke2 Bf4 27.
Kd3 Bg3 28. Ne2 Bd6 29. Nc3 Bg3 30. Ne2 Bd6 31. Nc3 Bg3 {Game drawn by
repetition} 1/2-1/2

[Event "Team 45 45 League T54"]
[Site "Internet Chess Club"]
[Date "2012.09.03"]
[Round "3"]
[White "WillC"]
[Black "Tobiasdelmonte"]
[Result "1-0"]
[WhiteElo "1867"]
[BlackElo "1810"]
[Opening "Réti opening"]
[ECO "A05"]
[Time "21:00:15"]
[TimeControl "2700+45"]

1. Nf3 Nf6 2. b3 d6 3. d4 g6 4. Bb2 Bg7 5. Nbd2 O-O 6. e4 c6 7. h3 Nbd7 8. Bd3
Qc7 9. c4 e5 10. O-O Nh5 11. d5 Nf4 12. Bc2 Nf6 13. Kh2 Qd7 14. Ng1 Bh6 15. Bc1
N6h5 16. g4 Nf6 17. Qf3 Qe7 18. dxc6 Nxg4+ 19. Kh1 bxc6 20. Rd1 Qh4 21. Rf1 Nf6
22. Kh2 g5 23. Qg3 Ng4+ 24. Kh1 Qh5 25. Bd1 Nxh3 26. Nxh3 Nxf2+ 27. Rxf2 Qxd1+
28. Nf1 Qh5 29. Rh2 f6 30. Nxg5 Qg6 31. Nf3 Bxc1 32. Rxc1 Bg4 33. N1d2 Rf7 34.
Nh4 Qg5 35. Nf5 h5 36. Nxd6 Rg7 37. Rf1 c5 38. Nf5 Rd7 39. Ne3 Rd3 40. Re1 Rc8
41. Qf2 Rcd8 42. Nd5 Rxd2 43. Qxd2 Bf3+ 44. Rg2 Qg4 45. Kh2 Bxg2 46. Qxg2 Kf7
47. Qxg4 hxg4 48. Rf1 Rh8+ 49. Kg3 Rh3+ 50. Kxg4 Rh2 51. Rxf6+ Kg7 52. Ra6 Re2
53. Kf5 Rf2+ 54. Kxe5 {Black resigns} 1-0

[Event "Team 45 45 League T54"]
[Site "Internet Chess Club"]
[Date "2012.09.04"]
[Round "3"]
[White "cityprosecutor"]
[Black "Innes"]
[Result "1-0"]
[WhiteElo "1765"]
[BlackElo "1730"]
[Opening "Scotch gambit: Dubois-Réti defense"]
[ECO "C55"]
[Time "13:00:57"]
[TimeControl "2700+45"]

1. e4 e5 2. Nf3 Nc6 3. d4 exd4 4. Bc4 Nf6 5. e5 d5 6. Bb5 Ne4 7. Nxd4 Bd7 8.
Bxc6 bxc6 9. O-O Bc5 10. f3 Ng5 11. f4 Ne4 12. Be3 Qh4 13. Nd2 f5 14. Nxe4 fxe4
15. f5 O-O 16. Qe2 Bxd4 17. Bxd4 Rxf5 18. Rxf5 Bxf5 19. Qa6 Rf8 20. Qxc6 Qg5 21.
Qxd5+ Kh8 22. Qc5 Rf7 23. e6 Re7 24. Rf1 {Black resigns} 1-0

[Event "Team 45 45 League T54"]
[Site "Internet Chess Club"]
[Date "2012.09.04"]
[Round "3"]
[White "Packerfan"]
[Black "vigneshv"]
[Result "1-0"]
[WhiteElo "1866"]
[BlackElo "1610"]
[Opening "French: Albin-Alekhine-Châtard attack"]
[ECO "C13"]
[Time "16:00:37"]
[TimeControl "2700+45"]

1. e4 e6 2. d4 d5 3. Nc3 Nf6 4. Bg5 Be7 5. e5 Nfd7 6. h4 Bxg5 7. hxg5 Qxg5 8.
Nh3 Qe7 9. Nf4 Nc6 10. Qg4 g6 11. O-O-O h5 12. Qg3 Nb6 13. Bd3 Bd7 14. Nxg6 fxg6
15. Bxg6+ Kd8 16. Bxh5 Na5 17. Be2 Rf8 18. Rh4 Nac4 19. Rdh1 c6 20. a3 Kc7 21.
Rh7 Rf7 22. Qg6 Raf8 23. R1h6 Qe8 24. Nd1 Rxh7 25. Qxe8 Rxe8 26. Rxh7 Kd8 27.
Bh5 Re7 28. Rh8+ Kc7 29. g4 Rg7 30. f3 Nc8 31. Nf2 Ne7 32. Nd3 Ng6 33. Bxg6 Rxg6
34. Rh7 Kd8 35. Nc5 Bc8 36. Nxb7+ Bxb7 37. Rxb7 Rh6 38. Kd1 Rh1+ 39. Ke2 Rh2+
40. Kf1 Rxc2 41. g5 Rxb2 42. Rxa7 Ne3+ 43. Ke1 Nc2+ 44. Kd1 Na1 45. g6 Rg2 46.
g7 Ke8 47. a4 Nb3 48. a5 Nxd4 49. a6 Nb5 50. Rb7 Rg5 51. Rxb5 Rxg7 52. Rb8+
{Black resigns} 1-0

[Event "Team 45 45 League T54"]
[Site "Internet Chess Club"]
[Date "2012.09.04"]
[Round "3"]
[White "minke"]
[Black "koni"]
[Result "1/2-1/2"]
[WhiteElo "1915"]
[BlackElo "1936"]
[Opening "Philidor: Improved Hanham variation"]
[ECO "B07"]
[Time "12:00:27"]
[TimeControl "2700+45"]

1. e4 d6 2. d4 Nf6 3. Nc3 e5 4. Nf3 Nbd7 5. Bc4 Be7 6. O-O O-O 7. Bg5 h6 8. Bh4
c6 9. a4 Nh5 10. Bg3 Nxg3 11. hxg3 Bf6 12. Ne2 Re8 13. dxe5 dxe5 14. Nc3 Qe7 15.
Qe2 a5 16. Rad1 Nc5 17. Rd2 Bg4 18. Rfd1 Rad8 19. Qe3 Ne6 20. Ne2 Nd4 21. c3
Nxe2+ 22. Qxe2 Qc5 23. Bb3 Qb6 24. Bc4 Rxd2 25. Rxd2 Bg5 26. Rd1 Bf6 27. Rd2 Qc5
28. Bb3 Qb6 29. Bc4 Qc5 30. Bb3 Qb6 {Game drawn by mutual agreement} 1/2-1/2

[Event "Team 45 45 League T54"]
[Site "Internet Chess Club"]
[Date "2012.09.01"]
[Round "3"]
[White "kabindra"]
[Black "badmove"]
[Result "1/2-1/2"]
[WhiteElo "1904"]
[BlackElo "1747"]
[Opening "Giuoco Piano"]
[ECO "C50"]
[Time "17:38:04"]
[TimeControl "2700+45"]

1. e4 e5 2. Nf3 Nc6 3. Bc4 Bc5 4. Qe2 Nf6 5. Bxf7+ Kxf7 6. Qc4+ d5 7. Qxc5 Nxe4
8. Qe3 Re8 9. d3 Nf6 10. O-O Kg8 11. h3 e4 12. dxe4 Nxe4 13. Qb3 Nc5 14. Qa3 Ne4
15. Nc3 Bf5 16. Qb3 Nxc3 17. Qxc3 Qd6 18. a3 Ne5 19. Nd4 Bd7 20. f4 Ng6 21. f5
Nh8 22. Bf4 Qf6 23. Bg3 Re4 24. Rad1 c6 25. Qc5 Nf7 26. Ne6 Bxe6 27. fxe6 Qxe6
28. Rde1 Qg6 {Game drawn by mutual agreement} 1/2-1/2

[Event "Team 45 45 League T54"]
[Site "Internet Chess Club"]
[Date "2012.09.03"]
[Round "3"]
[White "Schack"]
[Black "subterfuge"]
[Result "1-0"]
[WhiteElo "1715"]
[BlackElo "1737"]
[Opening "Caro-Kann: advance variation"]
[ECO "B12"]
[Time "21:00:18"]
[TimeControl "2700+45"]

1. e4 c6 2. d4 d5 3. e5 Bf5 4. Nd2 e6 5. Nb3 Nd7 6. Nf3 Be7 7. Be2 Qc7 8. Bf4 h6
9. O-O g5 10. Be3 O-O-O 11. c4 f6 12. cxd5 exd5 13. Bd3 Be6 14. Rc1 g4 15. Nh4
fxe5 16. Ng6 Rh7 17. Nxe5 Rg7 18. Bf4 Bd6 19. Re1 h5 20. Nxc6 bxc6 21. Rxe6 Nb8
22. Nc5 Ne7 23. Ba6+ Nxa6 24. Nxa6 Qd7 25. Rxd6 Qf5 26. Rxd8+ Kxd8 27. Be5 Rf7
28. Qc2 Qe6 29. Nc5 Qh6 30. Re1 h4 31. Qa4 Qd2 32. Qa5+ Qxa5 33. Nb7+ Kd7 34.
Nxa5 Nc8 35. Nb3 Nb6 36. Nc5+ Kc8 37. b3 Nd7 38. Nxd7 Kxd7 39. b4 Rf8 40. a4 a5
41. Rb1 axb4 42. Rxb4 Ra8 43. Bf6 c5 44. dxc5 Kc6 45. Bd4 Re8 46. Kf1 Re4 47. a5
Re7 48. a6 Ra7 49. Rb6+ Kc7 50. Rb7+ {Black resigns} 1-0

[Event "Team 45 45 League T54"]
[Site "Internet Chess Club"]
[Date "2012.09.04"]
[Round "3"]
[White "RD1974"]
[Black "clarinetref"]
[Result "1-0"]
[WhiteElo "1659"]
[BlackElo "1643"]
[Opening "Owen defense"]
[ECO "B00"]
[Time "19:05:52"]
[TimeControl "2700+45"]

1. e4 b6 2. d4 Bb7 3. Bd3 d6 4. c4 Nd7 5. Bg5 Ngf6 6. Nc3 e5 7. d5 Nc5 8. Bc2 h6
9. Be3 c6 10. b4 Na6 11. a3 c5 12. Ba4+ Nd7 13. Rb1 cxb4 14. axb4 Rc8 15. Qe2
Be7 16. Nb5 Ra8 17. Qg4 Kf8 18. f4 Nf6 19. Qf3 Nc7 20. fxe5 dxe5 21. c5 Ncxd5
22. Rd1 a6 23. Nc3 Qc7 24. Nxd5 Nxd5 25. exd5 bxc5 26. Ne2 cxb4 27. O-O Bd6 28.
Rc1 Qe7 29. Ng3 g6 30. Ne4 Bxd5 31. Bc6 Bxe4 32. Bxe4 Rd8 33. Bxg6 f6 34. Qg4 b3
35. Qh5 Qg7 36. Rxf6+ Qxf6 37. Rf1 Qxf1+ 38. Kxf1 a5 39. Qf5+ {Black resigns}
1-0

[Event "Team 45 45 League T54"]
[Site "Internet Chess Club"]
[Date "2012.08.31"]
[Round "3"]
[White "mitus"]
[Black "Mymas"]
[Result "1/2-1/2"]
[WhiteElo "1799"]
[BlackElo "1688"]
[Opening "Sicilian, Chekhover variation"]
[ECO "B53"]
[Time "17:02:31"]
[TimeControl "2700+45"]

1. e4 c5 2. Nf3 d6 3. d4 cxd4 4. Qxd4 Nc6 5. Bb5 Bd7 6. Bxc6 Bxc6 7. Nc3 Nf6 8.
Bg5 e6 9. O-O-O Be7 10. Rhe1 O-O 11. Re3 h6 12. Bxf6 Bxf6 13. Qxd6 Qa5 14. e5
Rad8 15. Qa3 Qxa3 16. bxa3 Be7 17. Kb2 Bc5 18. Re2 Rxd1 19. Nxd1 f6 20. exf6
Bxf3 21. gxf3 Rxf6 22. f4 Rxf4 23. Rxe6 Bxf2 24. Re7 Bd4+ 25. c3 Bb6 26. Rxb7
Rh4 27. Kb3 Rxh2 28. a4 h5 29. a5 Bg1 30. Re7 h4 31. Re1 Bf2 32. Nxf2 Rxf2 33.
c4 Rf3+ 34. Kb4 Kf7 35. c5 Rf6 36. Kc4 Re6 37. Rf1+ Ke8 38. Rg1 h3 39. Rxg7 Rh6
40. Rg1 Kd7 {Game drawn by mutual agreement} 1/2-1/2

[Event "Team 45 45 League T54"]
[Site "Internet Chess Club"]
[Date "2012.08.31"]
[Round "3"]
[White "rook9999"]
[Black "KingOfKings"]
[Result "1-0"]
[WhiteElo "1885"]
[BlackElo "1553"]
[Opening "French: exchange variation"]
[ECO "C01"]
[Time "20:30:11"]
[TimeControl "2700+45"]

1. e4 e6 2. d4 d5 3. exd5 exd5 4. Bd3 Nc6 5. Ne2 Bd6 6. Nbc3 Nge7 7. Nb5 Bg4 8.
O-O a6 9. Nxd6+ Qxd6 10. c3 O-O-O 11. b4 f6 12. Re1 g5 13. Qc2 Qd7 14. a4 Bf5
15. b5 Bxd3 16. Qxd3 Nb8 17. Ng3 h5 18. bxa6 Nxa6 19. Ba3 Rde8 20. Rxe7 Rxe7 21.
Bxe7 Qxe7 22. Qf5+ Kb8 23. Qxd5 c6 24. Qb3 h4 25. Nf5 Qd7 26. Ne3 f5 27. Nc4 g4
28. Rb1 h3 29. Na5 Rh7 30. Qg8+ Ka7 31. Rxb7+ Qxb7 32. Nxb7 Rxb7 33. gxh3 gxh3
34. f4 {Black resigns} 1-0

[Event "Team 45 45 League T54"]
[Site "Internet Chess Club"]
[Date "2012.08.31"]
[Round "3"]
[White "hcube"]
[Black "zigzag2002"]
[Result "1/2-1/2"]
[WhiteElo "1703"]
[BlackElo "1901"]
[Opening "Sicilian: closed"]
[ECO "B24"]
[Time "19:03:52"]
[TimeControl "2700+45"]

1. e4 c5 2. Nc3 Nc6 3. g3 g6 4. Bg2 Bg7 5. d3 e6 6. Be3 Nd4 7. Qd2 Ne7 8. Nd1
Rb8 9. c3 Ndc6 10. Bxc5 d6 11. Be3 b5 12. Ne2 Ba6 13. O-O b4 14. Re1 O-O 15. Rc1
Qa5 16. b3 bxc3 17. Ndxc3 Ne5 18. Nd5 Qd8 19. Nxe7+ Qxe7 20. Rc3 Ng4 21. Bd4 e5
22. Be3 Nxe3 23. Qxe3 f5 24. exf5 gxf5 25. Rec1 Rfc8 26. Rxc8+ Rxc8 27. Rxc8+
Bxc8 28. Bd5+ Kh8 29. d4 Bf6 30. dxe5 dxe5 31. Qc1 Ba6 32. Bc4 Bb7 33. Nc3 Bg5
34. Qd1 e4 35. Bd5 Bxd5 36. Qxd5 Bf6 37. Nb5 a6 38. Qa8+ Kg7 39. Qxa6 e3 40.
fxe3 Qxe3+ 41. Kf1 Qd3+ 42. Ke1 Bc3+ 43. Kf2 Bd4+ 44. Ke1 Bc3+ 45. Kf2 Bd4+
{Game drawn by mutual agreement} 1/2-1/2

[Event "Team 45 45 League T54"]
[Site "Internet Chess Club"]
[Date "2012.08.30"]
[Round "3"]
[White "juniorVishy"]
[Black "fireball"]
[Result "1-0"]
[WhiteElo "1854"]
[BlackElo "1728"]
[Opening "Budapest defense declined"]
[ECO "A51"]
[Time "20:34:28"]
[TimeControl "2700+45"]

1. d4 Nf6 2. c4 e5 3. d5 Bc5 4. Nc3 d6 5. Bg5 Bxf2+ 6. Kxf2 Ng4+ 7. Ke1 Qxg5 8.
Nh3 Qe3 9. Qd2 Qxd2+ 10. Kxd2 Bf5 11. e4 Bg6 12. Be2 Nf6 13. Bf3 Na6 14. Nf2 O-O
15. Nd3 Nd7 16. Rhf1 Nac5 17. Nxc5 Nxc5 18. b4 Nd7 19. g4 c6 20. g5 f5 21. exf5
Bxf5 22. dxc6 bxc6 23. Bxc6 Rad8 24. Bd5+ Kh8 25. Nb5 Nb6 26. Nxa7 Nxd5 27. cxd5
Be4 28. Nc6 Ra8 29. Rxf8+ Rxf8 30. Ne7 Rf7 31. Rc1 h6 32. g6 Rf8 33. a4 Rf2+ 34.
Ke3 Rc2 35. Rxc2 Bxc2 36. b5 Bxa4 37. b6 {Black resigns} 1-0

[Event "Team 45 45 League T54"]
[Site "Internet Chess Club"]
[Date "2012.08.31"]
[Round "3"]
[White "Greedy-Reedy"]
[Black "Killian"]
[Result "1-0"]
[WhiteElo "1989"]
[BlackElo "1991"]
[Opening "Sicilian: Alapin's variation (2.c3)"]
[ECO "B22"]
[Time "14:06:46"]
[TimeControl "2700+45"]

1. e4 c5 2. c3 Nf6 3. e5 Nd5 4. d4 cxd4 5. Nf3 Nc6 6. Bc4 Nb6 7. Bb3 d5 8. exd6
Qxd6 9. O-O Be6 10. Na3 Bxb3 11. Qxb3 e6 12. Nb5 Qd7 13. Nbxd4 Nxd4 14. Nxd4 Be7
15. Rd1 Qa4 16. Qxa4+ Nxa4 17. Nb5 O-O 18. b3 Nb6 19. Be3 Nd5 20. Bxa7 Nxc3 21.
Nxc3 Rxa7 22. Nb5 Ra5 23. a4 Rd8 24. Rxd8+ Bxd8 25. Rd1 Ra8 26. Rd7 b6 27. Nd6
Bf6 28. Rb7 Bd4 29. Kf1 g6 30. Nc4 Rc8 31. Nxb6 Rc1+ 32. Ke2 Rb1 33. Nc4 Ra1 34.
Ne3 f5 35. Kd3 Bf6 36. Nc2 Rd1+ 37. Ke2 Rc1 38. Rc7 Rb1 39. b4 Rb2 40. a5 Ra2
41. Rc6 Kf7 42. f4 Ke7 43. Kd3 Kd7 44. Ra6 h5 45. b5 Rb2 46. b6 Rb3+ 47. Ke2 Rb2
48. Ra7+ Kc6 49. Kd1 Rb1+ 50. Kd2 e5 51. Rc7+ Kb5 52. Na3+ {Black resigns} 1-0